 Dungeon Crawl Stone Soup version 0.23-a0-619-g281719c (console) character file.

40 Duffy the Shield-Bearer (level 3, -9/34 HPs)
             Began as a Naga Fighter on Dec 22, 2018.
             Mangled by a gnoll
             ... wielding a +0 spear
              (11 damage)
             ... on level 3 of the Dungeon.
             The game lasted 00:00:50 (1352 turns).

Duffy the Shield-Bearer (Naga Fighter)              Turns: 1352, Time: 00:00:51

Health: -9/34      AC:  4    Str: 18    XL:     3   Next: 50%
Magic:  3/3        EV:  5    Int:  9    God:
Gold:   13         SH:  8    Dex: 10    Spells: 2/2 levels left

rFire    . . .     SeeInvis +   a - +0 war axe
rCold    . . .     Gourm    .   c - +0 shield
rNeg     . . .     Faith    .   b - +0 scale mail
rPois    +         Spirit   .   (no helmet)
rElec    .         Reflect  .   (no cloak)
rCorr    .         Harm     .   (no gloves)
MR       .....                  (no barding)
Stlth    ..........             (no amulet)
HPRegen  0.11/turn              (no ring)
MPRegen  0.08/turn              (no ring)

@: very slow
A: large, see invisible, deformed body, poison resistance, slowness 2, slow
metabolism 1, spit poison 1, AC +1
a: Spit Poison


You were on level 3 of the Dungeon.
You were not hungry.

You visited 1 branch of the dungeon, and saw 3 of its levels.

You collected 13 gold pieces.

Inventory:

Hand Weapons
 a - a +0 war axe (weapon)
Armour
 b - a +0 scale mail (worn)
 c - a +0 shield (worn)
Scrolls
 h - a scroll of random uselessness {unknown}
 j - a scroll of immolation {unknown}
 k - a scroll of remove curse {unknown}
Potions
 d - 2 potions of might
 e - a potion of ambrosia {unknown}
 g - a potion of brilliance {unknown}
 i - 2 potions of flight {unknown}
 l - 2 potions of agility {unknown}
 m - a potion of curing {unknown}
 n - 3 potions of mutation {unknown}
Comestibles
 f - 2 rations


   Skills:
 - Level 3.0 Fighting
 + Level 3.0 Axes
 - Level 2.4 Armour
 + Level 3.1 Shields


You had 2 spell levels left.
You didn't know any spells.
Your spell library was empty.

Dungeon Overview and Level Annotations

Branches:
Dungeon (3/15)

Altars:


Innate Abilities, Weirdness & Mutations

You cannot wear boots.
Your serpentine skin is tough. (AC +1)
You have supernaturally acute eyesight. (SInv)
Armour fits poorly on your strangely shaped body.
Your system is resistant to poisons. (rPois)
You cover ground very slowly.
You have a slow metabolism.
You can spit poison.


Message History

The gnoll is lightly wounded.
Your shield and scale mail prevent you from hitting the gnoll.
You closely miss the bat. The bat hits you but does no damage.
The gnoll hits you with a +0 whip. You block the gnoll's attack.
The gnoll hits you with a +0 club. The gnoll hits you with a +0 whip!
You are too injured to fight recklessly!
You are too injured to fight recklessly!
You are too injured to fight recklessly!
You are too injured to fight recklessly!
You are too injured to fight recklessly!
You are too injured to fight recklessly!
You are too injured to fight recklessly!
You are too injured to fight recklessly!
You are too injured to fight recklessly!
You are too injured to fight recklessly!
You are too injured to fight recklessly!
You are too injured to fight recklessly!
The bat hits you but does no damage. You block the gnoll's attack.
The gnoll hits you from afar with a +0 spear!
You die...

#########.###
#...#.##....#
#.#.#.#....##.###.#
#......<...)......#
#.#.#...#####.#####
#.#.........#
#.#+#.#.........####
#..>...............#
#......@.g#######.##
#......bg)# .#
#....?...g..% #
#......#.###.$.
#......#.# ...
#......#.# ..
#......#.# .
########.#


You could see 3 gnolls and a bat.

Vanquished Creatures
  A gnoll (D:3)
  An ooze (D:1)
  A dart slug (D:1)
  An orc (D:3)
  5 bats (D:1)
  2 giant cockroaches (D:1)
  2 goblins (D:1)
  2 hobgoblins (D:1)
  3 frilled lizards
  2 kobolds
  5 rats (D:1)
25 creatures vanquished.

Vanquished Creatures (others)
  9 toadstools (D:2)
9 creatures vanquished.

Grand Total: 34 creatures vanquished

Notes
Turn   | Place    | Note
-------+----------+-------------------------------------------
     0 | D:1      | Duffy the Naga Fighter began the quest for the Orb.
     0 | D:1      | Reached XP level 1. HP: 21/21 MP: 1/1
   118 | D:1      | Reached XP level 2. HP: 21/28 MP: 2/2
   816 | D:1      | Reached XP level 3. HP: 34/34 MP: 3/3
  1352 | D:3      | Mangled by a gnoll

Vault maps used:
D:1:      ebering_trefoil_twist
D:2:      cheibrodos_fertilizer, minmay_pentomino_p4
D:3:      minitemple, first_ration, grunt_ministairs_12

Skill      XL: |  1  2  3 |
---------------+----------+-----
Shields        | 3 |  3.1
Axes           | 3 |  3.0
Fighting       | |  3.0
Armour         | |  2.4

Action                   || total
-------------------------++-------
Melee: War axe           ||    90
  Eat: Chunk             ||     1
Armor: Scale mail        ||    62
Dodge: Dodged            ||    26
Block: Shield            ||    60

Table legend:
 A = Non-vault XP
 B = Vault XP
 C = Vault XP percentage of total XP
 D = Non-vault monster count
 E = Vault monster count
 F = Vault count percentage of total count
                 A         B        C        D         E       F
            +---------+---------+-------+---------+---------+-------
      Total |      58 |       0 |   0.0 |      25 |       0 |   0.0
            +---------+---------+-------+---------+---------+-------
        D:1 |      39 |       0 |   0.0 |      21 |       0 |   0.0
        D:2 |       2 |       0 |   0.0 |       2 |       0 |   0.0
        D:3 |      17 |       0 |   0.0 |       2 |       0 |   0.0
            +---------+---------+-------+---------+---------+-------
